AoeStats
← noob

Acropolis

503456052Analyzed
1v1 RM · 1mo ago on Aug 31, 2026· 41m 42s· 2 players
Game mode
Random Map
Map size
Tiny (2 player)
Population
200
Speed
Normal
Resources
Standard
Victory
Conquest
Starting age
Dark Age
Ending age
Imperial Age
RankedLock teamsTeams togetherTeam positionsShared explorationLock speedFull tech treeHidden civsTurbo modeCheats
Victory
Defeat
🇩🇪 Aztecs · Germany
1372
+18
🇨🇿 Bengalis · Czechia
1421
-18
noob
6:43 Loom
9:34 Feudal Age
10:16 Double-Bit Axe
14:56 Fletching
15:47 Padded Archer Armor
23:16 Castle Age
23:23 Wheelbarrow
24:44 Crossbowman
25:30 Bodkin Arrow
27:38 Town Watch
30:21 Fervor
32:44 Sanctity
33:26 Gold Mining
33:45 Stone Mining
34:38 Redemption
35:21 Hand Cart
39:41 Scale Mail Armor
40:23 Squires
40:46 Forging
KLOAKAN
7:25 Loom
10:08 Feudal Age
10:11 Man-at-Arms
11:12 Double-Bit Axe
13:13 Fletching
24:43 Castle Age
23:19 Padded Archer Armor
25:19 Bodkin Arrow
24:48 Crossbowman
31:55 Wheelbarrow
31:40 Bow Saw
32:09 Wheelbarrow
31:41 Horse Collar
33:42 Leather Archer Armor
36:26 Heavy Plow
36:54 Hand Cart
40:05 Imperial Age
39:20 Scale Barding Armor
39:40 Light Cavalry
40:49 Chain Barding Armor
42:31 Plate Barding Armor
Connection lost

Rejoining the realm…

Still unreachable

The connection could not be restored.

Session expired

The server has moved on; the page needs a fresh start.